 Dungeon Crawl Stone Soup version 0.21.1-1-g345015f (webtiles) character file.

81 infcreate the Shield-Bearer (level 4, -7/40 HPs)
             Began as a Minotaur Fighter on May 6, 2018.
             Shot with an arrow by a centaur (10 damage)
             ... on level 3 of the Dungeon.
             The game lasted 00:08:22 (1984 turns).

infcreate the Shield-Bearer (Minotaur Fighter)      Turns: 1984, Time: 00:08:23

Health: -7/40      AC:  9    Str: 22    XL:     4   Next: 19%
Magic:  3/3        EV:  5    Int:  5    God:
Gold:   108        SH:  9    Dex:  9    Spells: 3/3 levels left

rFire    . . .     SeeInvis .   a - +0 war axe
rCold    . . .     Gourm    .   c - +0 shield
rNeg     . . .     Faith    .   h - +0 chain mail
rPois    .         Spirit   .   (helmet restricted)
rElec    .         Reflect  .   (no cloak)
rCorr    .         Harm     .   (no gloves)
MR       .....                  (no boots)
Stlth    ..........             (no amulet)
HPRegen  0.13/turn              (no ring)
MPRegen  0.08/turn              (no ring)

@: no status effects
A: retaliatory headbutt, horns 2
a: no special abilities


You were on level 3 of the Dungeon.
You were not hungry.

You visited 1 branch of the dungeon, and saw 3 of its levels.

You collected 108 gold pieces.

Inventory:

Hand Weapons
 a - a +0 war axe (weapon)
Armour
 c - a +0 shield (worn)
 h - a +0 chain mail (worn)
Wands
 p - a wand of acid (5)
Scrolls
 b - a scroll of magic mapping {unknown}
 e - a scroll of immolation {unknown}
 g - 5 scrolls of identify {unknown}
 j - a scroll of fog {unknown}
 n - a scroll of fear {unknown}
 o - a scroll of amnesia {unknown}
Potions
 d - a potion of might
 i - a potion of flight {unknown}
 l - 2 potions of haste {unknown}
 m - 2 potions of curing {unknown}
Books
 k - a book of Minor Magic

   Spells                             Type                      Level
   a - Magic Dart                     Conjuration                  1
   b - Blink                          Translocation                2
   c - Call Imp                       Summoning                    2
   d - Slow                           Hexes                        2
   e - Conjure Flame                  Conjuration/Fire             3
   f - Mephitic Cloud                 Conjuration/Poison/Air       3
Comestibles
 f - 5 rations


   Skills:
 + Level 4.2 Fighting
 + Level 3.4 Axes
 + Level 4.3 Armour
 + Level 4.5 Shields


You had 3 spell levels left.
You didn't know any spells.

Dungeon Overview and Level Annotations

Branches:
Dungeon (3/15)

Altars:


Innate Abilities, Weirdness & Mutations

You reflexively headbutt those who attack you in melee.
You have a pair of horns on your head.


Message History

A centaur comes into view.
The centaur shouts!
The centaur wields a shortbow.
The centaur shoots an arrow.
The arrow hits you.
The centaur shoots an arrow.
The arrow hits you!
You see here an arrow.
You are too injured to fight recklessly!
You are too injured to fight recklessly!
You are too injured to fight recklessly!
The centaur shoots an arrow.
The arrow hits you!
You see here an arrow.
The centaur shoots an arrow.
The arrow hits you!
* * * LOW HITPOINT WARNING * * *
You see here an arrow.
Found an escape hatch in the floor.
The centaur shoots an arrow.
The arrow hits you.
* * * LOW HITPOINT WARNING * * *
The centaur shoots an arrow.
You block the arrow.
You see here 2 arrows.
The centaur shoots an arrow.
The arrow hits you!
You die...

.........##..(((.# .
#.##...
.............###....c..
#.####.
.(.......#..c######.....
#.####.
....####.#.......##>....
#......
.........#...#.#.......#
######.
...########.##.#.#####.#
##.#. ...#
#.##......##.# #....
[..#
#.####(##.##.#######.##
#.####
#.####@##.##.......#.#
.....#
#........#......##.#.#
†....#
#########.##.##.##.#.#
.###.######
####.##......#
..........# #.#####.###
####.####.# #.#####.#
####.# #.# #.......#
.....####.### #########
#.##.##.....#


You could see a centaur.

Vanquished Creatures
  Terence (D:2)
  2 adders
  A dart slug (D:1)
  2 leopard geckos
  An orc (D:2)
  A giant cockroach (D:1)
  4 goblins (D:2)
  6 hobgoblins
  4 bats
  4 frilled lizards
  3 kobolds (D:2)
  5 rats
34 creatures vanquished.

Notes
Turn   | Place    | Note
-------+----------+-------------------------------------------
     0 | D:1      | infcreate the Minotaur Fighter began the quest for the Orb.
     0 | D:1      | Reached XP level 1. HP: 19/19 MP: 0/0
   150 | D:1      | Reached XP level 2. HP: 21/27 MP: 1/1
  1268 | D:2      | Reached XP level 3. HP: 27/33 MP: 2/2
  1505 | D:2      | Noticed Terence
  1513 | D:2      | Killed Terence
  1513 | D:2      | Reached XP level 4. HP: 36/40 MP: 3/3
  1973 | D:3      | Noticed a centaur
  1984 | D:3      | Shot with an arrow by a centaur

Skill      XL: |  1  2  3 |
---------------+----------+-----
Shields        | 4 |  4.5
Fighting       | 4 |  4.2
Armour         | 4 |  4.3
Axes           | 3 |  3.4

Action                   |  1- 3 |  4- 6 || total
-------------------------+-------+-------++-------
Melee: War axe           |    81 |     7 ||    88
       Headbutt          |    16 |     1 ||    17
  Eat: Chunk             |     2 |     1 ||     3
Armor: Scale mail        |    17 |       ||    17
       Chain mail        |    26 |     3 ||    29
Dodge: Dodged            |    15 |     4 ||    19
Block: Shield            |    39 |     3 ||    42
